 Dungeon Crawl Stone Soup version 0.31.0-7-gf635a9b802 (webtiles) character file.

Game seed: 14906562109428077812

362 Skeral the Shooter (level 6, 0/47 HPs)
             Began as a Djinni Hunter on Jan 23, 2024.
             Slain by a kobold demonologist
             ... wielding a +0 dagger
              (1 damage)
             ... on level 6 of the Dungeon.
             The game lasted 00:11:28 (3438 turns).

Skeral the Shooter (Djinni Hunter)                  Turns: 3438, Time: 00:11:29

Health: 0/47       AC:  6    Str: 10    XL:     6   Next: 99%
Gold:   230        EV: 12    Int: 11    God:
                   SH:  0    Dex: 18

rFire   + + .        a - +0 shortbow
rCold   x . .        (shield currently unavailable)
rNeg    . . .        c - +0 leather armour
rPois   ∞            m - +1 helmet
rElec   .            (no cloak)
rCorr   .            q - +0 pair of gloves
SInv    .            (boots unavailable)
Will    +....        (no amulet)
Stlth   ++           (no ring)
HPRegen 0.27/turn    (no ring)
MPRegen 0.00/turn

%: clarity, infuse magic (-1 HP)
@: flying, hasted, very quick
A: sickness immunity, fire resistance 2, cold vulnerability 1, float, innate
caster, HP casting, extra vitality 1, clarity, strong-willed 1
a: no special abilities


You were on level 6 of the Dungeon.
You visited 1 branch of the dungeon, and saw 6 of its levels.

You collected 230 gold pieces.


Innate Abilities, Weirdness & Mutations

You are immune to sickness and miasma.
You are immune to poison.
Your flesh is very heat resistant. (rF++)
You are vulnerable to cold. (rC-)
You float through the air rather than walking.
You learn spells naturally, not from books.
Your magical power is your life essence.
You have superior vitality. (+4 MHP)
You possess an exceptional clarity of mind.
You are strong-willed. (Will+)


   Skills:
 + Level 4.2 Fighting
 * Level 5.6 Ranged Weapons
 - Level 2.1 Dodging
 - Level 0.7 Stealth


You knew the following spells:

 Your Spells              Type           Power      Damage    Failure   Level
s - Sandblast             Erth           0%         2d4       43%         1
X - Jinxbite              Hex            0%         N/A       58%         2
Your spell library was empty.

Inventory:

Hand Weapons
 a - a +0 shortbow (weapon)
 j - a +1 sling of freezing
   (You found it on level 1 of the Dungeon)
 s - a +0 orcbow
   (You found it on level 3 of the Dungeon)
Missiles
 f - 4 boomerangs
 o - 4 silver javelins
 p - 6 atropa-tipped darts
 r - 11 poisoned darts
Armour
 c - a +0 leather armour (worn)
 m - a +1 helmet (worn)
   (You found it on level 2 of the Dungeon)
 q - a +0 pair of gloves (worn)
   (You found it on level 3 of the Dungeon)
Wands
 y - a wand of digging (6)
   (You found it on level 5 of the Dungeon)
 z - a wand of flame (10)
   (You found it on level 5 of the Dungeon)
 A - a wand of polymorph (15)
   (You found it on level 6 of the Dungeon)
Scrolls
 b - a scroll of butterflies
 g - 2 scrolls of vulnerability {!r!r}
 h - a scroll of immolation {unknown}
 i - a scroll of revelation {unknown}
 l - 2 scrolls of poison {unknown}
 u - a scroll of brand weapon {unknown}
 w - 2 scrolls of amnesia {unknown}
 x - 2 scrolls of summoning
Potions
 d - 3 potions of cancellation
 e - a potion of haste {@q3}
 k - a potion of degeneration {unknown}
 t - a potion of attraction {unknown}
 v - a potion of might {unknown}

Dungeon Overview and Level Annotations

Branches:
Dungeon (6/15) Zot: 26897
 Temple: D:4-7

Altars:

#........##.#.#
##.#####....#.#
#. ####.#.# #
#.#.# #>o.#
###.# #o# ##.
#4# #...# #@#
......#K# #.K3#
#Ko## .##.
..... .#.
#.##.## ..T #.
..# . ..##o# .#


You could see a hellwing (summoned, ally target), a kobold demonologist, a
sixfirhy (summoned), 2 kobold brigands, an orc, a friendly orc warrior
(summoned) and a friendly orc (summoned).


Message History

There is a stone staircase leading up here.
You see here a +0 war axe.
There is a shaft here.
There is a shaft here.
You see here a +0 war axe.
There is a stone staircase leading down here.
You fly downwards.
The troll shouts!
There is a stone staircase leading up here.
An orc comes into view. It is wielding a +0 dagger.
You fly upwards.
There is a stone staircase leading down here.
You see here a +4 dagger of venom.
You see here the +8 flail of the Unliving {heavy, ^Drain Dex+5 Stlth+}.
d - 3 potions of cancellation (gained 1)
There is a stone staircase leading down here.
You fly downwards.
There is a stone staircase leading up here.
A - a wand of polymorph (15)
Found a stone staircase leading down.
You now have 230 gold pieces (gained 18).
You see here a +0 leather armour.
A kobold brigand comes into view.
It is wielding a +0 short sword and quivering curare-tipped darts.
The kobold brigand moves out of view.
A kobold demonologist comes into view. It is wielding a +0 dagger.
The kobold demonologist shouts!
The kobold brigand shouts!
You hear a shout! x2
A kobold brigand comes into view.
It is wielding a +0 club and quivering poisoned darts.
You hear a shout!
The kobold brigand throws a curare-tipped dart.
The curare-tipped dart hits you. You resist.
A kobold brigand comes into view.
It is wielding a +0 club and quivering curare-tipped darts.
A kobold brigand comes into view.
It is wielding a +0 short sword and quivering poisoned darts.
You shoot an arrow.
The kobold brigand shouts! x2; The orc shouts!
The arrow hits the kobold brigand.
The kobold demonologist miscasts a cantrip.
The kobold brigand barely misses you.
You shoot an arrow.
The arrow closely misses the kobold brigand.
The arrow closely misses the kobold demonologist.
You shoot an arrow.
The arrow misses the kobold demonologist.
The arrow hits the kobold brigand but does no damage.
The kobold demonologist closely misses you.
You shoot an arrow.
The arrow closely misses the kobold demonologist.
The arrow hits the kobold brigand.
The kobold demonologist casts a spell.
You shoot an arrow. The arrow hits the kobold demonologist.
The kobold demonologist hits you but does no damage.
The hellwing hits you! The hellwing hits you. 😮 HP[-17]
You take 17 damage, and now have 30/47 hp.
MASSIVE DAMAGE!! (PAUSE)
You shoot an arrow.
The arrow closely misses the kobold demonologist.
The arrow hits the kobold brigand.
A kobold demonologist comes into view.
It is wielding a +2 dagger of holy wrath.
The kobold demonologist completely misses you.
The hellwing hits you but does no damage.
The hellwing barely misses you.
You shoot an arrow.
The arrow barely misses the kobold demonologist.
The arrow hits the kobold brigand but does no damage.
The kobold demonologist mumbles some strange words.
The hellwing completely misses you. The hellwing closely misses you.
The kobold demonologist hits you but does no damage. 😮 HP[+1]
You shoot an arrow. The arrow hits the kobold demonologist.
The hellwing barely misses you.
The hellwing hits you but does no damage.
The kobold demonologist hits you but does no damage.
You shoot an arrow.
The arrow barely misses the kobold demonologist.
The arrow hits the kobold brigand.
The hellwing hits you!
* * * LOW HITPOINT WARNING * * *
The hellwing misses you.
The kobold demonologist looks satisfied for a moment. 😨 HP[-12]
You take 12 damage, and now have 19/47 hp.
MASSIVE DAMAGE!! (PAUSE)
As you read the scroll of identify {@r1}, it crumbles to dust.
x - 3 scrolls of summoning The hellwing barely misses you.
The hellwing hits you.
* * * LOW HITPOINT WARNING * * *
The kobold demonologist misses you. 😨 HP[-5]
You take 5 damage, and now have 14/47 hp.
As you read the scroll of summoning, it crumbles to dust.
Wisps of shadow whirl around you... The hellwing closely misses you.
The hellwing completely misses you.
The kobold demonologist hits you with a +0 dagger.
* * * LOW HITPOINT WARNING * * *
😨 HP[-2]
You take 2 damage, and now have 12/47 hp.
It was a potion of haste.
You feel yourself speed up. The hellwing hits you!
* * * LOW HITPOINT WARNING * * *
The hellwing hits you but does no damage.
The kobold demonologist hits you with a +0 dagger.
You die...

Skill      XL: |  1  2  3  4  5  6 |
---------------+-------------------+-----
Ranged Weapons | 4 5 |  5.6
Fighting       | 3 4 |  4.2
Dodging        | |  2.1
Stealth        | |  0.7

Action                     |  1- 3 |  4- 6 || total
---------------------------+-------+-------++-------
   Fire: Shortbow          |    86 |   200 ||   286
    Use: Scroll            |       |     6 ||     6
         Potion            |       |     4 ||     4
 Armour: Leather armour    |    23 |   156 ||   179
  Dodge: Dodged            |    34 |   151 ||   185

Levels and vault maps discovered:
D:1:      psy_arrival_dodecagon, layout_loops_cross
D:2:      layout_rooms
D:3:      layout_basic
D:4:      layout_cave_pools
D:5:      layout_rooms
D:6:      layout_basic, hangedman_decor_clover_reticule,
          kennysheep_opposing_triangles

Notes
Turn   | Place    | Note
-------+----------+-------------------------------------------
     0 | D:1      | Skeral the Djinni Hunter began the quest for the Orb.
     0 | D:1      | Reached XP level 1. HP: 18/18 MP: 0/0
     0 | D:1      | magus.rc [v1.10.3]
   184 | D:1      | Reached XP level 2. HP: 23/23 MP: 0/0
   456 | D:1      | Reached XP level 3. HP: 29/29 MP: 0/0
   456 | D:1      | Learned a level 1 spell: Sandblast
   861 | D:2      | Reached skill level 4 in Ranged Weapons
  1321 | D:3      | Reached XP level 4. HP: 31/34 MP: 0/0
  1758 | D:4      | HP: 8/34 [orc wizard/puff of flame (2)]
  1912 | D:3      | Reached skill level 3 in Fighting
  2041 | D:3      | HP: 8/35 [something/magic dart (6)]
  2045 | D:3      | Gained mutation: You are strong-willed. (Will+) [potion of
                  | mutation]
  2045 | D:3      | Gained mutation: You possess an exceptional clarity of
                  | mind. [potion of mutation]
  2048 | D:3      | Reached XP level 5. HP: 18/40 MP: 0/0
  2048 | D:3      | Learned a level 2 spell: Jinxbite
  2330 | D:4      | Reached XP level 6. HP: 31/46 MP: 0/0
  2378 | D:4      | Reached skill level 5 in Ranged Weapons
  2697 | D:5      | Entered Level 5 of the Dungeon
  2710 | D:5      | HP: 10/47 [iguana (11)]
  2717 | D:5      | Noticed a black bear
  2921 | D:5      | Noticed a black bear
  2934 | D:5      | Killed a black bear
  2935 | D:5      | Reached skill level 4 in Fighting
  3131 | D:5      | Noticed an ice beast
  3192 | D:5      | Identified the +8 flail of the Unliving {heavy, ^Drain
                  | Dex+5 Stlth+}
  3338 | D:6      | Noticed a troll
  3422 | D:6      | Noticed a kobold demonologist
  3431 | D:6      | Noticed a hellwing
  3432 | D:6      | Noticed a kobold demonologist
  3434 | D:6      | Noticed a sixfirhy
  3438 | D:6      | HP: 1/47 [hellwing[a kobold demonologist] (11)]
  3438 | D:6      | Slain by a kobold demonologist

Vanquished Creatures
  A black bear (D:5)
  A hound (D:4)
  A jelly (D:5)
  A sleepcap (D:4)
  An iguana (D:5)
  2 orc wizards (D:3)
  4 adders
  4 dart slugs (D:4)
  A ribbon worm (D:2)
  4 orcs (D:4)
  2 bats
  4 endoplasms
  5 giant cockroaches
  5 goblins
  5 hobgoblins
  9 kobolds
  A quokka (D:1)
  6 ball pythons
  A frilled lizard (D:2)
  5 rats
63 creatures vanquished.

Table legend:
 A = Non-vault XP
 B = Vault XP
 C = Vault XP percentage of total XP
 D = Non-vault monster count
 E = Vault monster count
 F = Vault count percentage of total count
                 A         B        C        D         E       F
            +---------+---------+-------+---------+---------+-------
      Total |     518 |       0 |   0.0 |      63 |       0 |   0.0
            +---------+---------+-------+---------+---------+-------
        D:1 |      32 |       0 |   0.0 |      18 |       0 |   0.0
        D:2 |      25 |       0 |   0.0 |       7 |       0 |   0.0
        D:3 |     100 |       0 |   0.0 |      14 |       0 |   0.0
        D:4 |     128 |       0 |   0.0 |      19 |       0 |   0.0
        D:5 |     233 |       0 |   0.0 |       5 |       0 |   0.0
            +---------+---------+-------+---------+---------+-------

Skill      XL: |  1  2  3  4  5  6 |
---------------+-------------------+-----
Ranged Weapons | 4 5 |  5.6
Fighting       | 3 4 |  4.2
Dodging        | |  2.1
Stealth        | |  0.7

Action                     |  1- 3 |  4- 6 || total
---------------------------+-------+-------++-------
   Fire: Shortbow          |    86 |   200 ||   286
    Use: Scroll            |       |     6 ||     6
         Potion            |       |     4 ||     4
 Armour: Leather armour    |    23 |   156 ||   179
  Dodge: Dodged            |    34 |   151 ||   185

Illustrated notes

Table legend:
 A = Kills in this place as a percentage of kills in the entire game.
 B = Kills by you in this place as a percentage of kills by you in the entire game.
 C = Kills by friends in this place as a percentage of kills by friends in the entire game.
 D = Other kills in this place as a percentage of other kills in the entire game.
 E = Experience gained in this place as a percentage of experience gained in the entire game.
 F = Experience gained in this place divided by the number of levels of this place that you have seen.
                   A       B       C       D       E      F
               +-------+-------+-------+-------+-------+----------------------
         Total | 100.0 | 100.0 |   N/A |   N/A | 100.0 |  86.3
       Dungeon | 100.0 | 100.0 |   N/A |   N/A | 100.0 |  86.3
               +-------+-------+-------+-------+-------+----------------------

Table legend: (Time is in decaauts)
 A = Elapsed time spent in this place.
 B = Non-inter-level travel time spent in this place.
 C = Inter-level travel time spent in this place.
 D = Time resting spent in this place.
 E = Time spent auto-exploring this place.
 F = Levels seen in this place.
 G = Mean time per level.
                   A        B        C        D        E       F      G
               +--------+--------+--------+--------+--------+-----+--------+
         Total |   3504 |   3131 |    373 |    258 |   1330 |   6 |  584.0 |
       Dungeon |   3504 |   3131 |    373 |    258 |   1330 |   6 |  584.0 |
               +--------+--------+--------+--------+--------+-----+--------+

Top non-repeatable levels by time:
     D:3: 994 daAuts
     D:4: 867 daAuts
     D:1: 674 daAuts
     D:5: 493 daAuts
     D:2: 401 daAuts
     D:6: 73 daAuts
